 Dungeon Crawl Stone Soup version 0.27-a0-637-g3a9f0a9c12 (webtiles) character file.

Game seed: 11664605713876727340

1550 Gaff the Grappler (level 8, -1/74 HPs)
             Began as a Troll Warper on Mar 14, 2021.
             Was a Priest of Cheibriados.
             Slain by an orc warrior
             ... wielding a +0 scimitar
              (19 damage)
             ... on level 7 of the Dungeon.
             The game lasted 00:14:18 (5091 turns).

Gaff the Grappler (Troll Warper)                    Turns: 5091, Time: 00:14:19

Health: -1/74      AC:  9    Str: 28    XL:     8   Next: 57%
Magic:  15/18      EV: 10    Int: 15    God:    Cheibriados [***...]
Gold:   401        SH:  0    Dex: 15    Spells: 7/9 levels left

rFire    . . .     SeeInvis .     - Unarmed
rCold    . . .     Faith    .   (no shield)
rNeg     . . .     Spirit   .   a - +0 robe
rPois    .         Reflect  .   v - +1 hat
rElec    .         Harm     .   (no cloak)
rCorr    .         Rampage  .   (gloves unavailable)
Will     .....                  (boots unavailable)
Stlth    +.........             (no amulet)
HPRegen  1.22/turn              o - ring of magical power
MPRegen  0.16/turn              q - +4 ring of protection

@: very slow
A: large, unfitting armour, claws 3, regeneration 1, shaggy fur 1, tough skin 1
a: Renounce Religion, Bend Time, Temporal Distortion


You were on level 7 of the Dungeon.
You worshipped Cheibriados.
Cheibriados was most pleased with you.
You visited 2 branches of the dungeon, and saw 9 of its levels.
You also visited: Sewer.

You collected 414 gold pieces.
You spent 13 gold pieces at shops.

Inventory:

Missiles
 d - 8 boomerangs of dispersal (quivered)
 e - 15 poisoned darts
 k - 10 boomerangs
Armour
 a - a +0 robe (worn)
 v - a +1 hat (worn)
Jewellery
 o - a ring of magical power (right claw)
 q - a +4 ring of protection (left claw)
Wands
 A - a wand of iceblast (15)
Scrolls
 c - 2 scrolls of blinking
 f - 5 scrolls of magic mapping
 h - a scroll of amnesia
 l - a scroll of enchant weapon
 n - a scroll of enchant armour
 s - a scroll of identify
 u - 3 scrolls of teleportation
 w - 4 scrolls of fear
 y - 4 scrolls of fog
Potions
 b - 3 potions of heal wounds
 g - 6 potions of flight
 i - 5 potions of curing
 j - a potion of mutation
 m - 3 potions of brilliance
 p - a potion of might
 r - a potion of lignification {unknown}
 t - 4 potions of degeneration
 x - a potion of invisibility
 z - 2 potions of attraction
 B - a potion of ambrosia
 C - a potion of haste {unknown}


   Skills:
 + Level 2.7 Fighting
 - Level 0.8 Throwing
 + Level 3.0 Dodging
 + Level 9.7 Unarmed Combat
 - Level 1.3 Spellcasting
 - Level 2.5 Translocations
 + Level 2.1 Invocations


You had 7 spell levels left.
You knew the following spells:

 Your Spells              Type           Power      Damage    Failure   Level
a - Blink                 Tloc           N/A        N/A       13%         2

Your spell library contained the following spells:

 Spells                   Type           Power      Damage    Failure   Level
 Gell's Gravitas          Tloc           4%         N/A       26%         3
 Lesser Beckoning         Tloc           4%         N/A       26%         3
 Teleport Other           Tloc           8%         N/A       26%         3
 Poisonous Vapours        Pois/Air       2%         N/A       34%         2
 Conjure Flame            Conj/Fire      1%         6-21      56%         3
 Mephitic Cloud           Conj/Pois/Air  1%         N/A       56%         3
 Manifold Assault         Tloc           8%         N/A       63%         4
 Freezing Cloud           Conj/Ice/Air   0%         6-21      100%        6


Dungeon Overview and Level Annotations

Branches:
Dungeon (8/15)             Temple (1/1) D:5           Sewer (visited)
   Lair: D:8-11

Altars:
Ashenzari
Cheibriados
Dithmenos
Elyvilon
Fedhas
Gozag
Hepliaklqana
Kikubaaqudgha
Makhleb
Okawaru
Qazlal
Ru
Sif Muna
Trog
Uskayaw
Vehumet
Wu Jian
Xom
Zin
The Shining One

Shops:
D:4 *


Innate Abilities, Weirdness & Mutations

You are too large for most types of armour.
You have claws for hands.
Your natural rate of healing is unusually fast.
You are covered in fur. (AC +1)
You have tough skin. (AC +1)


Message History

The orc warrior is lightly wounded.
The orc warrior hits you with a +0 scimitar.
You barely miss the orc warrior. You claw the orc warrior.
The orc warrior is moderately wounded.
You closely miss the orc warrior.
The orc warrior is moderately wounded.
The orc warrior hits you with a +0 scimitar.
You scratch the orc warrior.
The orc warrior is heavily wounded.
The orc warrior hits you with a +0 scimitar.
You closely miss the orc warrior.
The orc warrior is heavily wounded.
You closely miss the orc warrior.
The orc warrior is heavily wounded.
The orc warrior hits you with a +0 scimitar!!
You barely miss the orc warrior.
The orc warrior is heavily wounded.
You barely miss the orc warrior.
The orc warrior is heavily wounded.
The orc warrior hits you with a +0 scimitar!
You closely miss the orc warrior.
The orc warrior is heavily wounded.
The leopard gecko hisses angrily.
The adder hisses angrily.
The orc roars noisily, as Orcs often do.
The orc hits you with a +0 short sword of electrocution.
* * * LOW HITPOINT WARNING * * *
The flow of time bends around you.
Cheibriados rebukes the orc warrior.
The orc warrior seems to slow down.
Cheibriados rebukes the orc.
The orc seems to slow down.
The orc warrior hits you with a +0 scimitar!!
* * * LOW HITPOINT WARNING * * *
You scratch the orc warrior but do no damage.
The orc warrior is heavily wounded.
The orc completely misses you.
You closely miss the orc warrior.
The orc warrior is heavily wounded.
The orc warrior hits you with a +0 scimitar!!
You die...

##### #....## #######
#...... #.....# #......
#.....# #......##.....#
........#.....#
####....#.....##########
.......@o......)†.......
#..#...o#.....##########
. #....#.S...########..
#....#..l...........#
......###.....$)......
######## #########.....
....


S.T .. You could see an orc warrior (slow), an adder, an orc (slow) and a
leopard gecko.

Vanquished Creatures
  A black bear (D:8)
  2 ogres
  A phantom (D:4)
  2 centaurs (D:5)
  A kobold brigand (Sewer)
  3 bullfrogs
  3 howler monkeys
  A centaur zombie (D:5)
  A bullfrog zombie (D:5)
  A jelly (D:8)
  2 orc priests
  A hound (D:5)
  An iguana (D:4)
  3 orc wizards (D:5)
  4 worker ants
  10 adders
  A gnoll (D:1)
  3 river rats (Sewer)
  An ufetubus (D:5)
  4 oozes (Sewer)
  An adder skeleton (D:5)
  4 worms (Sewer)
  A dart slug (D:1)
  7 leopard geckos
  31 orcs
  7 giant cockroaches
  2 goblins
  5 hobgoblins
  4 jackals
  4 quokkas
  3 ball pythons
  4 bats
  6 frilled lizards
  A jackal skeleton (D:4)
  17 kobolds
  A leopard gecko skeleton (D:5)
  A quokka skeleton (D:4)
  A quokka zombie (D:5)
  8 rats
154 creatures vanquished.

Notes
Turn   | Place    | Note
-------+----------+-------------------------------------------
     0 | D:1      | Gaff the Troll Warper began the quest for the Orb.
     0 | D:1      | Reached XP level 1. HP: 19/19 MP: 1/1
   160 | D:1      | Reached XP level 2. HP: 26/27 MP: 2/2
   962 | D:2      | Reached XP level 3. HP: 32/35 MP: 4/4
  1037 | D:2      | Found a bloodstained altar of Trog.
  1102 | D:2      | Reached skill level 3 in Unarmed Combat
  1695 | D:3      | Reached XP level 4. HP: 42/42 MP: 5/5
  1937 | D:3      | Reached skill level 4 in Unarmed Combat
  2172 | D:3      | Found a blossoming altar of Fedhas.
  2175 | D:3      | Found an ancient bone altar of Kikubaaqudgha.
  2333 | D:4      | Reached skill level 5 in Unarmed Combat
  2333 | D:4      | Reached XP level 5. HP: 46/49 MP: 6/6
  2393 | D:4      | Noticed a phantom
  2681 | D:4      | Found Umaojiux's General Store.
  2686 | D:4      | Bought a potion of degeneration for 13 gold pieces
  2788 | D:4      | Killed a phantom
  2789 | D:4      | Reached skill level 6 in Unarmed Combat
  2789 | D:4      | Reached XP level 6. HP: 41/57 MP: 7/7
  3023 | D:5      | Entered Level 5 of the Dungeon
  3212 | D:5      | Reached skill level 7 in Unarmed Combat
  3247 | D:5      | Found a staircase to the Ecumenical Temple.
  3256 | Temple   | Entered the Ecumenical Temple
  3293 | Temple   | Became a worshipper of Cheibriados the Contemplative
  3381 | D:5      | Reached XP level 7. HP: 46/63 MP: 8/8
  3601 | D:5      | Reached skill level 8 in Unarmed Combat
  3659 | D:5      | Reached * piety under Cheibriados
  4246 | D:6      | Reached skill level 9 in Unarmed Combat
  4282 | D:6      | Found a glowing drain.
  4294 | Sewer    | Entered a sewer
  4361 | Sewer    | Reached XP level 8. HP: 71/71 MP: 9/9
  4448 | Sewer    | Reached ** piety under Cheibriados
  4661 | D:6      | Reached skill level 1 in Invocations
  4787 | D:6      | Found a radiant altar of Vehumet.
  4800 | D:6      | Learned a level 2 spell: Blink
  4820 | D:6      | You fall into a shaft and drop 2 floors!
  5035 | D:7      | Reached *** piety under Cheibriados
  5069 | D:7      | Noticed a troll
  5091 | D:7      | Slain by an orc warrior

Illustrated notes

Levels and vault maps discovered:
D:1:      matt_arrival_spirals, layout_loops_ring
D:2:      layout_loops_ring, lightli_temple_of_fire
D:3:      layout_basic, grunt_temple_overflow_growth_and_decay,
          chequers_mini_garden
D:4:      layout_loops_ring, serial_shops, shop, minmay_stone_trees_medium
D:5:      layout_basic, minmay_temple_entry_junction, minmay_chambers_of_fives
D:6:      layout_basic, kennysheep_mini_moat, portal_sewer_entry_d, minmay_bent,
          uniq_crazy_yiuf_cottage
D:7:      layout_basic, chequers_serial_rivers_small_a
D:8:      layout_loops_cross, nicolae_overflow_hidden_temple,
          minmay_lair_entry_grove, serial_shops, shop, ebering_ghost_gozag
Temple:   lightli_temple_of_artemis

Skill      XL: |  1  2  3  4  5  6  7  8 |
---------------+-------------------------+-----
Dodging        | 2 3 |  3.0
Unarmed Combat | 3 5 6 7 9 |  9.7
Fighting       | 2 |  2.7
Invocations    | 2 |  2.1
Throwing       | |  0.8
Spellcasting   | |  1.3
Translocations | |  2.5

Action                   |  1- 3 |  4- 6 |  7- 9 || total
-------------------------+-------+-------+-------++-------
Melee: Unarmed           |    88 |   151 |   191 ||   430
       Punch             |       |     1 |     7 ||     8
Invok: Bend Time         |       |       |     1 ||     1
  Use: Scroll            |       |     9 |     7 ||    16
       Potion            |       |       |     3 ||     3
Armor: Robe              |    28 |    74 |    53 ||   155
Dodge: Dodged            |    40 |    80 |    83 ||   203

Table legend: (Time is in decaauts)
 A = Elapsed time spent in this place.
 B = Non-inter-level travel time spent in this place.
 C = Inter-level travel time spent in this place.
 D = Time resting spent in this place.
 E = Time spent auto-exploring this place.
 F = Levels seen in this place.
 G = Mean time per level.
                   A        B        C        D        E       F      G
               +--------+--------+--------+--------+--------+-----+--------+
         Total |   5727 |   5517 |    210 |     79 |   3609 |  10 |  572.7 |
       Dungeon |   5158 |   4948 |    210 |     79 |   3366 |   8 |  644.8 |
        Temple |     47 |     47 |      0 |      0 |      0 |   1 |   47.0 |
         Sewer |    521 |    521 |      0 |      0 |    243 |   1 |  521.0 |
               +--------+--------+--------+--------+--------+-----+--------+

Top non-repeatable levels by time:
     D:5: 1302 daAuts
     D:1: 869 daAuts
     D:4: 829 daAuts
     D:2: 817 daAuts
     D:3: 582 daAuts
   Sewer: 521 daAuts
     D:6: 366 daAuts
     D:7: 275 daAuts
     D:8: 116 daAuts
  Temple: 47 daAuts
